 Dungeon Crawl Stone Soup version 0.24-a0-7-g1bb0902 (webtiles) character file.

Game seed: 1113955016137303271

40 DekuTree the Covered (level 3, 0/29 HPs)
             Began as a Demonspawn Fighter on Jan 30, 2019.
             Succumbed to an adder's poison
             ... on level 2 of the Dungeon.
             The game lasted 00:03:04 (1204 turns).

DekuTree the Covered (Demonspawn Fighter)           Turns: 1204, Time: 00:03:04

Health: 0/29       AC:  6    Str: 22    XL:     3   Next: 30%
Magic:  3/3        EV: 12    Int:  9    God:
Gold:   19         SH: 10    Dex: 17    Spells: 2/2 levels left

rFire    . . .     SeeInvis .     - Unarmed
rCold    . . .     Gourm    .   c - +0 shield
rNeg     . . .     Faith    .   b - +0 scale mail
rPois    .         Spirit   .   (helmet restricted)
rElec    .         Reflect  .   (no cloak)
rCorr    .         Harm     .   (no gloves)
MR       .....                  (no boots)
Stlth    +.........             (no amulet)
HPRegen  0.09/turn              (no ring)
MPRegen  0.08/turn              (no ring)

@: mighty, agile, lethally poisoned (0 -> -3), very slightly contaminated,
invisible
A: antennae 1, talons 1
a: no special abilities


You were on level 2 of the Dungeon.
You were very hungry.

You visited 1 branch of the dungeon, and saw 2 of its levels.

You collected 19 gold pieces.

Inventory:

Armour
 b - a +0 scale mail (worn)
 c - a +0 shield (worn)
Jewellery
 a - an uncursed ring of protection from fire {unknown}
 e - an uncursed ring of flight {unknown}
 i - an uncursed ring of resist corrosion {unknown}
Scrolls
 h - a scroll of enchant armour {unknown}
 j - a scroll of magic mapping {unknown}
Comestibles
 f - 3 rations


   Skills:
 - Level 3.0 Fighting
   Level 2.1 Axes
 + Level 3.1 Armour
 + Level 3.1 Shields
 * Level 1.1 Unarmed Combat


You had 2 spell levels left.
You didn't know any spells.
Your spell library was empty.

Dungeon Overview and Level Annotations

Branches:
Dungeon (2/15)

Altars:


Innate Abilities, Weirdness & Mutations

You have a pair of small antennae on your head.
You have sharp toenails.


Message History

* * * LOW HITPOINT WARNING * * *
You feel sick. You block the bat's attack.
* * * LOW HITPOINT WARNING * * *
You feel sick. The bat closely misses you. x2
You miss the bat. You block the bat's attack.
* * * LOW HITPOINT WARNING * * *
You feel sick.
You closely miss the bat. Your kick misses the bat.
* * * LOW HITPOINT WARNING * * *
You feel sick. You block the bat's attack.
You hit the bat.
You kill the bat!
* * * LOW HITPOINT WARNING * * *
You feel sick.
* * * LOW HITPOINT WARNING * * *
You feel sick.
You aren't carrying any potions.
* * * LOW HITPOINT WARNING * * *
You feel sick.
You die...

....... .........
.........
######...##...
#.....!...?...
#.............
#..$........ .#
#..@.(...... ..
#...%....... ..
###........... #.
#.............
#..####........$....
####..<##.............
..............#########
#######.......#
####....#


There were no monsters in sight!

Vanquished Creatures
  An adder (D:2)
  A dart slug (D:1)
  A leopard gecko (D:1)
  A ball python (D:1)
  2 giant cockroaches (D:1)
  2 goblins (D:1)
  3 hobgoblins (D:1)
  4 jackals (D:1)
  5 bats
  A frilled lizard (D:1)
  4 kobolds (D:1)
  4 rats
29 creatures vanquished.

Notes
Turn   | Place    | Note
-------+----------+-------------------------------------------
     0 | D:1      | DekuTree the Demonspawn Fighter began the quest for the
                  | Orb.
     0 | D:1      | Reached XP level 1. HP: 18/18 MP: 1/1
   183 | D:1      | Gained mutation: You have sharp toenails. [demonic
                  | ancestry]
   183 | D:1      | Reached XP level 2. HP: 23/24 MP: 2/2
   798 | D:1      | Gained mutation: You have a pair of small antennae on your
                  | head. [demonic ancestry]
   798 | D:1      | Reached XP level 3. HP: 14/29 MP: 3/3
  1174 | D:2      | Reached skill level 1 in Unarmed Combat
  1199 | D:2      | HP: 1/29 [poisoned by an adder]
  1204 | D:2      | Succumbed to an adder's poison

Vault maps used:
D:1:      dpeg_arrival_arbitrary_b
D:2:      grunt_temple_overflow_order_and_chaos_2, interstate_on_off,
          kennysheep_boxes

Skill      XL: |  1  2  3 |
---------------+----------+-----
Axes           | 2 |  2.1
Armour         | 3 |  3.1
Shields        | 3 |  3.1
Unarmed Combat | 1 |  1.1
Fighting       | |  3.0

Action                   || total
-------------------------++-------
Melee: War axe           ||    32
       Unarmed           ||    97
       Kick              ||    17
  Use: Potion            ||     3
Armor: Scale mail        ||    69
Dodge: Dodged            ||    47
Block: Shield            ||    77

Table legend:
 A = Non-vault XP
 B = Vault XP
 C = Vault XP percentage of total XP
 D = Non-vault monster count
 E = Vault monster count
 F = Vault count percentage of total count
                 A         B        C        D         E       F
            +---------+---------+-------+---------+---------+-------
      Total |      58 |       0 |   0.0 |      29 |       0 |   0.0
            +---------+---------+-------+---------+---------+-------
        D:1 |      43 |       0 |   0.0 |      26 |       0 |   0.0
        D:2 |      15 |       0 |   0.0 |       3 |       0 |   0.0
            +---------+---------+-------+---------+---------+-------
